 Dungeon Crawl Stone Soup version 0.27.0-1-g7a089689b8 (webtiles) character file.

Game seed: 10064161482724077274

1082 MajorAdolf the Covert (level 8, -2/78 HPs)
             Began as a Naga Wanderer on Aug 13, 2021.
             Slain by a wyvern zombie (3 damage)
             ... on level 6 of the Dungeon.
             The game lasted 00:15:04 (5866 turns).

MajorAdolf the Covert (Naga Wanderer)               Turns: 5866, Time: 00:15:05

Health: -2/78      AC:  9    Str: 13 (14) XL:     8   Next: 30%
Magic:  8/8        EV:  8    Int: 15 (17) God:
Gold:   298        SH:  4    Dex:  7 (9)  Spells: 7/7 levels left

rFire    . . .     SeeInvis +   a - +0 mace
rCold    . . .     Faith    .   v - +2 buckler {AC+3}
rNeg     . . .     Spirit   .   c - +0 robe
rPois    +         Reflect  .   (no helmet)
rElec    .         Harm     .   (no cloak)
rCorr    .         Rampage  .   b - +2 pair of gloves
Will     ++...                  (no barding)
Stlth    ++++......             (no amulet)
HPRegen  0.23/turn              i - ring of willpower
MPRegen  0.11/turn              (no ring)

@: very slow
A: AC +2, large, see invisible, deformed body, poison resistance, slowness 2,
spit poison 1, naga tail 1
a: Spit Poison


You were on level 6 of the Dungeon.
You visited 1 branch of the dungeon, and saw 6 of its levels.

You collected 298 gold pieces.

Inventory:

Hand Weapons
 a - a +0 mace (weapon)
 d - a +0 dagger
 j - a +0 dagger of pain
 s - a +0 quarterstaff
Armour
 b - a +2 pair of gloves (worn)
 c - a +0 robe (worn)
 v - a +2 buckler of protection (worn)
Jewellery
 i - a ring of willpower (left hand)
Wands
 o - a wand of iceblast (7)
Scrolls
 f - 2 scrolls of teleportation
 l - a scroll of fear
 m - a scroll of fog
 q - 2 scrolls of enchant weapon
 t - a scroll of summoning
 u - 4 scrolls of immolation
 x - a scroll of blinking
Potions
 e - a potion of haste
 h - a potion of heal wounds {unknown}
 k - 3 potions of cancellation {unknown}
 n - a potion of flight {unknown}
 p - a potion of curing {unknown}
 r - 2 potions of mutation {unknown}


   Skills:
 + Level 6.7 Fighting
 - Level 2.0 Maces & Flails
 - Level 1.5 Armour
 + Level 10.2 Stealth
 - Level 2.0 Summonings
 - Level 1.0 Fire Magic
 - Level 2.0 Evocations


You had 7 spell levels left.
You didn't know any spells.
Your spell library contained the following spells:

 Spells                   Type           Power      Damage    Failure   Level
 Summon Small Mammal      Summ           24%        N/A       21%         1
 Call Imp                 Summ           6%         N/A       30%         2
 Call Canine Familiar     Summ           6%         N/A       52%         3
 Summon Guardian Golem    Hex/Summ       3%         N/A       65%         3
 Summon Lightning Spire   Summ/Air       3%         N/A       96%         4


Dungeon Overview and Level Annotations

Branches:
Dungeon (6/15)
 Temple: D:4-7

Altars:
Ashenzari
Cheibriados
Fedhas
Nemelex Xobeh
Okawaru
Yredelemnul
The Shining One

Shops:
D:1 :(   D:3 (   D:6 ?

Annotations:
D:2 1 runed translucent door, exclusion: door, Crazy Yiuf
D:3 exclusion: 2 downstairs
D:4 Edmund, Menkaure


Innate Abilities, Weirdness & Mutations

Your serpentine skin is tough. (AC +2)
You have supernaturally acute eyesight. (SInv)
Armour fits poorly on your strangely shaped body.
Your system is resistant to poisons. (rPois)
You cover ground very slowly.
You can spit poison.
You have a snake-like lower body.


Message History

The wyvern zombie barely misses you. The giant cockroach barely misses you.
You hit the giant cockroach but do no damage.
The giant cockroach is almost dead.
The wyvern zombie bites you.
The giant cockroach bites you but does no damage.
Unknown command.
You hit the giant cockroach.
You kill the giant cockroach!
The wyvern zombie bites you. The wyvern zombie bites you!
You block the orc's attack.
You closely miss the orc.
The wyvern zombie bites you but does no damage.
The wyvern zombie closely misses you. The orc hits you but does no damage.
You hit the orc.
The orc is moderately wounded.
You hear the rapid rusting of a drain nearby.
The wyvern zombie bites you but does no damage.
You block the orc's attack. The wyvern zombie barely misses you.
You block the orc's attack.
Unknown command.
You hit the orc.
You kill the orc!
The wyvern zombie bites you but does no damage.
The wyvern zombie barely misses you. You block the wyvern zombie's attack.
Items here: $ ( )) ?? [ ††.
The wyvern zombie bites you!
* * * LOW HITPOINT WARNING * * *
A quokka comes into view.
You block the wyvern zombie's attack. The wyvern zombie bites you!
* * * LOW HITPOINT WARNING * * *
The wyvern zombie bites you!
* * * LOW HITPOINT WARNING * * *
Unknown command.
It was a potion of degeneration.
There was something very wrong with that liquid.
You feel weakened.
You feel dopey.
You feel clumsy. The wyvern zombie bites you.
You die...

.................##
B...## .
.#####..........#...
....' #
.#....$.######### .#
Z...### #
...........)†).# .
....... #
.#.###########.##
.....[. .#.# #..#
......# +#.##
##.#######.......
....# #.Z.....).#
..#.# #.@.......#
..#.#######
#.........#
..#.......#
#.........#
..........#
#.........#
..#.......#
#.........#
..#.......#
#.$.......# ####
..#.......#
###..##..... #... .
#.......#
##.##....(. #.#.
#.......# #.
#........#..∩


You could see a wyvern zombie.

Vanquished Creatures
  Pikel (D:6)
  A sky beast (D:5)
  A black bear (D:6)
  2 scorpions
  A water moccasin skeleton (D:5)
  A howler monkey (D:6)
  An orc priest (D:5)
  An orc wizard (D:3)
  6 adders
  4 gnolls
  A white imp (D:5)
  A worm (D:2)
  A dart slug (D:2)
  7 orcs
  7 endoplasms
  5 giant cockroaches
  6 goblins
  4 hobgoblins
  10 jackals
  5 kobolds
  6 quokkas
  6 ball pythons
  2 bats
  8 frilled lizards
  5 rats
93 creatures vanquished.

Vanquished Creatures (collateral kills)
  A ball python (D:1)
1 creature vanquished.

Vanquished Creatures (others)
  11 plants (D:3)
  8 toadstools (D:2)
19 creatures vanquished.

Grand Total: 113 creatures vanquished

Notes
Turn   | Place    | Note
-------+----------+-------------------------------------------
     0 | D:1      | MajorAdolf the Naga Wanderer began the quest for the Orb.
     0 | D:1      | MajorAdolf set off with the following items: a +0 mace, a
                  | piece from Xom's chessboard (15/15), a +0 robe; and the
                  | following spell memorised: Summon Small Mammal; and the
                  | following spells available to memorise: Call Imp, Call
                  | Canine Familiar, Summon Guardian Golem, Summon Lightning
                  | Spire
     0 | D:1      | Reached XP level 1. HP: 18/18 MP: 1/1
    93 | D:1      | Reached skill level 1 in Stealth
   140 | D:1      | Found Waetzi Nuce's Book Emporium.
   191 | D:1      | Reached XP level 2. HP: 21/26 MP: 2/2
   308 | D:1      | Found Ylulonk's Weapon Emporium.
   570 | D:1      | Reached skill level 2 in Stealth
   781 | D:1      | Found a faded altar of an unknown god.
  1226 | D:2      | Reached XP level 3. HP: 25/32 MP: 3/3
  1367 | D:2      | Reached skill level 3 in Stealth
  1685 | D:2      | Reached XP level 4. HP: 39/40 MP: 4/4
  1802 | D:2      | You fall into a shaft and drop 1 floor!
  1802 | D:3      | Found a broken altar of Ashenzari.
  1804 | D:3      | Found a snail-covered altar of Cheibriados.
  1808 | D:3      | Found a basalt altar of Yredelemnul.
  1816 | D:3      | Found a sparkling altar of Nemelex Xobeh.
  1820 | D:3      | Found a blossoming altar of Fedhas.
  2068 | D:2      | Found a runed translucent door.
  2069 | D:2      | Noticed Crazy Yiuf
  2110 | D:2      | Reached skill level 4 in Stealth
  3018 | D:3      | Found Cuclurgh's Antique Weapon Shoppe.
  3378 | D:3      | Reached XP level 5. HP: 46/49 MP: 5/5
  3471 | D:4      | Noticed Menkaure
  3691 | D:4      | Reached skill level 5 in Stealth
  4138 | D:4      | Found a glowing golden altar of the Shining One.
  4156 | D:4      | Found an iron altar of Okawaru.
  4162 | D:4      | Noticed Edmund
  4425 | D:5      | Entered Level 5 of the Dungeon
  4483 | D:5      | Reached skill level 6 in Stealth
  4698 | D:5      | Reached XP level 6. HP: 49/57 MP: 6/6
  4914 | D:5      | Noticed a sky beast
  5027 | D:5      | Killed a sky beast
  5304 | D:5      | Reached skill level 7 in Stealth
  5438 | D:6      | Found Pyazasuh's Magic Scroll Boutique.
  5452 | D:6      | Noticed a black bear
  5521 | D:5      | Reached skill level 5 in Fighting
  5576 | D:6      | Reached XP level 7. HP: 63/67 MP: 7/7
  5666 | D:6      | Reached skill level 8 in Stealth
  5823 | D:6      | Noticed Pikel
  5828 | D:6      | Killed Pikel
  5829 | D:6      | Reached skill level 10 in Stealth
  5829 | D:6      | Reached XP level 8. HP: 56/78 MP: 8/8
  5865 | D:6      | HP: 1/78 [wyvern zombie (8)]
  5866 | D:6      | Slain by a wyvern zombie

Illustrated notes

Levels and vault maps discovered:
D:1:      dpeg_arrival_radiant, layout_basic,
          shapermc_ecumenical_altar_totnotflames, serial_shops,
          nicolae_shop_statue_plus, shop
D:2:      cheibrodos_fertilizer, layout_loops_ring, uniq_crazy_yiuf_cottage
D:3:      minmay_general_purpose_star, layout_rooms,
          minmay_overflow_temple_star_hex, serial_shops, shop,
          serial_park_tiny_1, serial_bayou_lagoon_a
D:4:      layout_basic, makhleb_blood_cavern_becter,
          mainiacjoe_overflow_small_starburst, okawaru_ov_weapons_minmay,
          chequers_avenue, supply_closet_lemuel, uniq_robin, uniq_edmund,
          uniq_menkaure
D:5:      layout_basic
D:6:      cheibrodos_quashed, layout_basic, portal_sewer_entry_f, serial_shops,
          kennysheep_mini_moat, kennysheep_little_box,
          nicolae_shop_window_shopping, uniq_blork_the_orc, uniq_pikel

Skill      XL: |  1  2  3  4  5  6  7 |
---------------+----------------------+-----
Stealth        | 1 2 3 4 6 7 10 | 10.2
Fighting       | 2 3 4 5 6 |  6.7
Maces & Flails | |  2.0
Armour         | |  1.5
Summonings     | |  2.0
Fire Magic     | |  1.0
Evocations     | |  2.0

Action                   |  1- 3 |  4- 6 |  7- 9 || total
-------------------------+-------+-------+-------++-------
Melee: Mace              |    86 |   187 |    54 ||   327
 Cast: Summon Small Mamm |     2 |       |       ||     2
 Abil: Spit Poison       |    21 |    40 |     7 ||    68
Evoke: Wand              |       |       |     3 ||     3
  Use: Scroll            |     2 |     7 |     1 ||    10
       Potion            |       |       |     1 ||     1
 Stab: Sleeping          |     4 |     1 |       ||     5
Armor: Robe              |    45 |   121 |    51 ||   217
Dodge: Dodged            |    52 |   103 |    51 ||   206
Block: Buckler           |       |    17 |    21 ||    38
